[Event "African Online-ch O50-Seniors 2021"]
[Site "Online"]
[Date "2021.02.01"]
[Round "1.2"]
[White "De Villiers, Charles"]
[Black "Fernandes, Luis De Pina"]
[Result "1-0"]
[WhiteElo "2110"]
[BlackElo "1601"]
[PlyCount "125"]
[EventDate "2021.02.01"]
[EventType "swiss"]
[EventCountry "NET"]
[TimeControl "1500+10"]
[WhiteClock "0:05:19"]
[BlackClock "0:05:39"]

1. d4 Nf6 2. Bf4 g6 3. Nc3 Bg7 4. e4 d6 5. Qd2 O-O 6. O-O-O Nbd7 7. Nf3 c5 8. d5 a6 9. Bh6 b5 10. Qf4 Nh5 11. Qe3 b4 12. Ne2 Ne5 13. Nxe5 Bxe5 14. Bxf8 Qxf8 15. f4 Bd4 16. Nxd4 cxd4 17. Rxd4 Qg7 18. Rxb4 Qf6 19. g3 e5 20. fxe5 Qxe5 21. Be2 Nf6 22. Qf4 Qe7 23. Rf1 Nd7 24. Bg4 Ne5 25. Bxc8 Rxc8 26. Kb1 Qc7 27. Qd2 Qa5 28. Qd4 Qc7 29. c3 a5 30. Rb6 Qd7 31. Ra6 Rc4 32. Ra8+ Kg7 33. Ra7 Rxd4 34. Rxd7 Rxe4 35. Rxd6 Nc4 36. Rdf6 Nd2+ 37. Kc1 Nxf1 38. Rxf1 f5 39. Kd2 Kf6 40. Re1 Rc4 41. Kd3 Rc7 42. c4 g5 43. Kd4 f4 44. Rf1 Kf5 45. c5 Re7 46. d6 Re4+ 47. Kd5 Re5+ 48. Kc6 Re2 49. d7 Rd2 50. Kc7 Kg4 51. gxf4 gxf4 52. d8=Q Rxd8 53. Kxd8 f3 54. c6 Kf4 55. c7 Ke3 56. c8=Q Ke2 57. Qc4+ Ke3 58. Qc3+ Ke2 59. Qxf3+ Kd2 60. Rd1+ Kc2 61. Qd3+ Kxb2 62. Rb1+ Kxa2 63. Qb3# 1-0

[Event "African Online-ch O50-Seniors 2021"]
[Site "Online"]
[Date "2021.02.01"]
[Round "1.3"]
[White "Flora, Francisco Jose Estev"]
[Black "Slami, Zoheir"]
[Result "0-1"]
[WhiteElo "1808"]
[BlackElo "1932"]
[PlyCount "110"]
[EventDate "2021.02.01"]
[EventType "swiss"]
[EventCountry "NET"]
[TimeControl "1500+10"]
[WhiteClock "0:02:14"]
[BlackClock "0:21:39"]

1. d4 d5 2. Nf3 e6 3. c4 Nf6 4. Nc3 Nbd7 5. e3 c6 6. Bd3 Be7 7. O-O O-O 8. e4 dxe4 9. Nxe4 Nxe4 10. Bxe4 Nf6 11. Bc2 b6 12. Bg5 Bb7 13. Qd3 g6 14. Rad1 c5 15. Rfe1 Qc7 16. Qe2 cxd4 17. Rxd4 Rfd8 18. Red1 Rxd4 19. Rxd4 Rd8 20. Rxd8+ Qxd8 21. h3 Nd7 22. Bxe7 Qxe7 23. Be4 Nc5 24. Bxb7 Qxb7 25. Qe5 Nd7 26. Qd4 Qc7 27. b4 f6 28. a4 Kf7 29. Kf1 h5 30. Ke2 a5 31. bxa5 bxa5 32. Ne1 Nc5 33. Nd3 Nxa4 34. c5 Qc6 35. f3 e5 36. Qxe5 Qe6 37. Qxe6+ Kxe6 38. Ke3 Kd5 39. Nf4+ Kxc5 40. Nxg6 Nb2 41. Kd2 a4 42. Kc3 Nd1+ 43. Kc2 Ne3+ 44. Kb2 Kb4 45. g4 Nc4+ 46. Ka2 hxg4 47. Kb1 gxf3 48. Nf4 Nd2+ 49. Ka2 Ne4 50. Nd3+ Kc3 51. Nf4 f2 52. h4 f1=Q 53. h5 Qf2+ 54. Ka3 Qb2+ 55. Kxa4 Qb4# 0-1

[Event "African Online-ch O50-Seniors 2021"]
[Site "Online"]
[Date "2021.02.01"]
[Round "1.4"]
[White "Belabbas, Haddouche"]
[Black "Mukabi, John"]
[Result "1-0"]
[WhiteElo "1776"]
[BlackElo "1820"]
[PlyCount "73"]
[EventDate "2021.02.01"]
[EventType "swiss"]
[EventCountry "NET"]
[TimeControl "1500+10"]
[WhiteClock "0:03:07"]
[BlackClock "0:03:31"]

{Clock started by Arbiter.} 1. d4 d5 2. Nf3 Nf6 3. Bf4 e6 4. e3 c5 5. c3 Nc6 6. Bd3 Be7 7. Nbd2 h6 8. O-O O-O 9. Ne5 Bd7 10. Qf3 Rc8 11. Qh3 Nxe5 12. dxe5 Ne8 13. Bxh6 gxh6 14. Qxh6 f5 15. exf6 Nxf6 16. Qg6+ Kh8 17. Qh6+ Kg8 18. Qg6+ Kh8 19. f4 Rf7 20. Qxf7 Qe8 21. Qxe8+ Rxe8 22. Nf3 Ng4 23. e4 c4 24. Bc2 Ne3 25. Rfc1 Bc5 26. Nd4 e5 27. fxe5 Nxc2 28. Rxc2 dxe4 29. Kh1 Rxe5 30. Re2 Be8 31. Rae1 Bg6 32. h3 Kg7 33. g4 Rg5 34. Ne6+ Kh6 35. Nxg5 Kxg5 36. Rxe4 Bxe4+ 37. Rxe4 {[%emt 0:00:03] #r} 1-0

[Event "African Online-ch O50-Seniors 2021"]
[Site "Online"]
[Date "2021.02.01"]
[Round "1.5"]
[White "Ohlson, Cecil"]
[Black "Mawuko Kpodo, Evans"]
[Result "1-0"]
[ECO "B02"]
[WhiteElo "1652"]
[BlackElo "1683"]
[Annotator "NA"]
[PlyCount "89"]
[EventDate "2021.02.01"]
[EventType "swiss"]
[EventCountry "NET"]
[SourceTitle "playchess.com"]
[Source "ChessBase"]
[SourceQuality "1"]
[TimeControl "1500+10"]

1. e4 Nc6 2. d3 e5 3. f4 Nf6 4. Nf3 d6 5. Be2 Be7 6. O-O O-O 7. f5 d5 8. Nbd2 Qd6 9. Kh1 Ng4 10. Nb3 a5 11. a4 b6 12. Qe1 d4 13. Nfxd4 Nxd4 14. Nxd4 exd4 15. Bxg4 Bf6 16. Bf4 Be5 17. Bxe5 Qxe5 18. Qh4 f6 19. Rf3 Bd7 20. Rh3 h6 21. Rg3 Qf4 22. Qh3 Bxa4 23. Be2 Bxc2 24. Rf1 Qd2 25. Bh5 a4 26. Qg4 Qg5 27. Qe2 Qh4 28. Rh3 Bxd3 29. Qxd3 Qg5 30. Qe2 d3 31. Rxd3 Rfd8 32. Rfd1 Rxd3 33. Rxd3 Qc1+ 34. Rd1 Qf4 35. Bf3 a3 36. Qc4+ Kh8 37. bxa3 Qe5 38. Bh5 b5 39. Qd3 Qe7 40. Qxb5 Qxa3 41. Qd7 Rf8 42. Qxc7 Qa8 43. Qe7 Rg8 44. h3 Qxe4 45. Qxe4 1-0

[Event "African Online-ch O50-Seniors 2021"]
[Site "Online"]
[Date "2021.02.01"]
[Round "2.2"]
[White "Mukabi, John"]
[Black "Ohlson, Cecil"]
[Result "1-0"]
[ECO "D02"]
[WhiteElo "1820"]
[BlackElo "1652"]
[Annotator "NA RC"]
[PlyCount "85"]
[EventDate "2021.02.01"]
[EventType "swiss"]
[EventCountry "NET"]
[SourceTitle "playchess.com"]
[Source "ChessBase"]
[SourceQuality "1"]
[TimeControl "1500+10"]

1. d4 d5 2. Bf4 c5 3. e3 Nc6 4. Nf3 Nf6 5. Nc3 Bf5 6. Bd3 Bxd3 7. Qxd3 c4 8. Qd2 Nh5 9. Bg3 Nxg3 10. hxg3 a6 11. e4 e6 12. e5 b5 13. Qf4 Be7 14. Ne2 Nb4 15. Qd2 a5 16. a3 Nc6 17. O-O h6 18. Nf4 Bg5 19. Rfd1 Kd7 20. b3 cxb3 21. cxb3 Ne7 22. Qd3 Qb6 23. b4 axb4 24. axb4 Nc6 25. Qb3 Be7 26. Nxd5 exd5 27. Qxd5+ Kc7 28. Qxf7 Rxa1 29. Rxa1 Kd7 30. d5 Nd8 31. Qf5+ Ke8 32. e6 Bf6 33. Rd1 Qd6 34. Rc1 Ke7 35. Rc5 Qa6 36. Rc7+ Kd6 37. Qf4+ Kxd5 38. Rc5+ Kxe6 39. Nd4+ Bxd4 40. Qf5+ Ke7 41. Rc7+ Ke8 42. Qd7+ Kf8 43. Qxd8# 1-0

[Event "African Online-ch O50-Seniors 2021"]
[Site "Online"]
[Date "2021.02.01"]
[Round "2.4"]
[White "Fernandes, Luis De Pina"]
[Black "Flora, Francisco Jose Estev"]
[Result "1-0"]
[ECO "B70"]
[WhiteElo "1601"]
[BlackElo "1808"]
[Annotator "NA RC"]
[PlyCount "47"]
[EventDate "2021.02.01"]
[EventType "swiss"]
[EventCountry "NET"]
[SourceTitle "playchess.com"]
[Source "ChessBase"]
[SourceQuality "1"]
[TimeControl "1500+10"]

1. e4 c5 2. Nc3 d6 3. g3 Nf6 4. Bg2 Nc6 5. Nge2 g6 6. d4 cxd4 7. Nxd4 Bd7 8. O-O Bg7 9. Be3 O-O 10. Nd5 e6 11. Nxf6+ Bxf6 12. c3 a6 13. Qd2 Qc7 14. f4 Rac8 15. Rad1 Be7 16. f5 Nxd4 17. Qxd4 e5 18. Qd2 f6 19. fxg6 hxg6 20. Qd5+ Kg7 21. Qd2 Rh8 22. Qe2 Qc6 23. Bf3 Qc5 24. Bxc5 1-0

[Event "African Online-ch O50-Seniors 2021"]
[Site "Online"]
[Date "2021.02.01"]
[Round "3.2"]
[White "Flora, Francisco Jose Estev"]
[Black "Molapo, Joang"]
[Result "1/2-1/2"]
[ECO "D46"]
[WhiteElo "1808"]
[BlackElo "1607"]
[Annotator "NA RC"]
[PlyCount "108"]
[EventDate "2021.02.01"]
[EventType "swiss"]
[EventCountry "NET"]
[SourceTitle "playchess.com"]
[Source "ChessBase"]
[SourceQuality "1"]
[TimeControl "1500+10"]

1. d4 d5 2. Nf3 Nf6 3. c4 c6 4. e3 e6 5. Bd3 Bd6 6. Nc3 Nbd7 7. Rg1 e5 8. dxe5 Nxe5 9. Nxe5 Bxe5 10. cxd5 Bxc3+ 11. bxc3 Qxd5 12. Qc2 Be6 13. f3 Rd8 14. Ke2 O-O 15. Rd1 Qh5 16. h3 Rfe8 17. Kf2 Qh4+ 18. Kg1 Qg3 19. Qf2 Qxf2+ 20. Kxf2 Bc4 21. Be2 Bxe2 22. Rxd8 Rxd8 23. Kxe2 Nd5 24. Bd2 b5 25. a4 a6 26. axb5 axb5 27. Ra6 Rc8 28. e4 Nf6 29. Bf4 h6 30. Ke3 Nd7 31. Bd6 Nf6 32. Kd4 Ne8 33. Kc5 Nxd6 34. Kxd6 Rd8+ 35. Kxc6 Rd3 36. Kxb5 Rxc3 37. Ra2 Kh7 38. Kb4 Rc1 39. Kb3 h5 40. Rc2 Rd1 41. Kc3 Rd7 42. Rd2 Ra7 43. Kd4 g5 44. Ke5 Kg6 45. Kd4 f6 46. Rc2 Rd7+ 47. Ke3 h4 48. Rc6 Kf7 49. Rc5 Ra7 50. Kf2 Ra2+ 51. Kg1 Ra7 52. Kf2 Ra2+ 53. Kg1 Ra1+ 54. Kf2 Ra2+ 1/2-1/2

[Event "African Online-ch O50-Seniors 2021"]
[Site "Online"]
[Date "2021.02.01"]
[Round "3.3"]
[White "Belabbas, Haddouche"]
[Black "Fernandes, Luis De Pina"]
[Result "0-1"]
[ECO "D02"]
[WhiteElo "1776"]
[BlackElo "1601"]
[Annotator "NA RC"]
[PlyCount "68"]
[EventDate "2021.02.01"]
[EventType "swiss"]
[EventCountry "NET"]
[SourceTitle "playchess.com"]
[Source "ChessBase"]
[SourceQuality "1"]
[TimeControl "1500+10"]

1. d4 Nf6 2. Nf3 g6 3. Bf4 Bg7 4. e3 d5 5. h3 a6 6. a4 Nbd7 7. Bd3 c5 8. c3 c4 9. Bc2 Qb6 10. Qc1 Qc6 11. O-O O-O 12. Nbd2 Nh5 13. Bh2 f5 14. b3 b5 15. axb5 axb5 16. Rxa8 Qxa8 17. Qb2 Ndf6 18. Ra1 Qc6 19. Ne5 Qe6 20. f3 Ne8 21. Ra5 Nd6 22. bxc4 bxc4 23. Ra7 f4 24. e4 Bxe5 25. dxe5 Qxe5 26. exd5 Qe3+ 27. Kh1 Qxa7 28. Ne4 Qe3 29. Bg1 Ng3+ 30. Kh2 Qe1 31. Nc5 Bxh3 32. Ne6 Bxe6 33. dxe6 Nf1+ 34. Kh1 Qh4+ 0-1

[Event "African Online-ch O50-Seniors 2021"]
[Site "Online"]
[Date "2021.02.01"]
[Round "3.5"]
[White "Kpodo, Evans Mawuko"]
[Black "Mukabi, John"]
[Result "0-1"]
[ECO "B45"]
[WhiteElo "1654"]
[BlackElo "1820"]
[Annotator "NA RC"]
[PlyCount "82"]
[EventDate "2021.02.01"]
[EventType "swiss"]
[EventCountry "NET"]
[SourceTitle "playchess.com"]
[Source "ChessBase"]
[SourceQuality "1"]
[TimeControl "1500+10"]

1. e4 c5 2. Nf3 e6 3. d4 cxd4 4. Nxd4 Nc6 5. Be3 Nf6 6. Nc3 Bb4 7. f3 d5 8. Nxc6 Bxc3+ 9. bxc3 bxc6 10. e5 Nd7 11. Bf4 Qb6 12. Bg3 Qe3+ 13. Be2 Qxc3+ ({Not} 13... Nxe5 14. Qd4 $11) 14. Kf1 O-O 15. Rb1 Rb8 16. Rxb8 Nxb8 17. h3 Nd7 18. Kg1 Nxe5 19. Be1 Qa3 20. Qd4 Ng6 21. Bb4 Qc1+ 22. Kh2 Qxc2 23. Bd3 Qa4 24. Bxg6 hxg6 25. a3 Re8 26. Qb2 Ba6 $19 27. Bd6 Qb5 28. Qd4 Qb7 29. Bc5 e5 30. Qg4 Qc7 31. Qb4 e4+ 32. Bd6 Qb6 33. Qe1 e3 34. Qc1 d4 35. Bc5 Qc7+ 36. g3 Qe5 37. f4 Qe4 38. Re1 e2 39. Qd2 Bd3 40. Rg1 e1=Q 41. Rxe1 Qxe1 0-1

[Event "African Online-ch O50-Seniors 2021"]
[Site "Online"]
[Date "2021.02.01"]
[Round "4.3"]
[White "Fernandes, Luis De Pina"]
[Black "Ohlson, Cecil"]
[Result "1-0"]
[ECO "C63"]
[WhiteElo "1601"]
[BlackElo "1652"]
[Annotator "NA RC"]
[PlyCount "91"]
[EventDate "2021.02.01"]
[EventType "swiss"]
[EventCountry "NET"]
[SourceTitle "playchess.com"]
[Source "ChessBase"]
[SourceQuality "1"]
[TimeControl "1500+10"]

1. e4 e5 2. Nf3 Nc6 3. Bb5 f5 4. d3 fxe4 5. dxe4 Nf6 6. Nc3 Bb4 7. Bd2 d6 8. Bd3 Bg4 9. h3 Bh5 10. a3 Ba5 11. b4 Bb6 12. O-O O-O 13. Be2 Bxf3 14. Bxf3 Nd4 15. Na4 c6 16. Nxb6 axb6 17. c3 Nxf3+ 18. Qxf3 d5 19. Bg5 dxe4 20. Qe3 Nd5 21. Qg3 Qe8 22. Rfe1 Qg6 23. c4 e3 24. Bxe3 Qxg3 25. fxg3 Nxe3 26. Rxe3 Rad8 27. Ra2 Rd1+ 28. Kh2 Rff1 29. g4 Rc1 30. Rxe5 Rh1+ 31. Kg3 Rc3+ 32. Kh4 Rxc4 33. Re7 Rcc1 34. Rf2 h6 35. Rxb7 Rhf1 36. Rxf1 Rxf1 37. Rxb6 Ra1 38. Ra6 Kf7 39. a4 Ra2 40. Kg3 Ke7 41. a5 Kd6 42. Ra7 Ra4 43. Rb7 c5 44. bxc5+ Kxc5 45. Rxg7 Rxa5 46. Rg6 1-0

[Event "African Online-ch O50-Seniors 2021"]
[Site "Online"]
[Date "2021.02.01"]
[Round "4.4"]
[White "Molapo, Joang"]
[Black "Belabbas, Haddouche"]
[Result "1-0"]
[ECO "E91"]
[WhiteElo "1607"]
[BlackElo "1776"]
[Annotator "NA RC"]
[PlyCount "60"]
[EventDate "2021.02.01"]
[EventType "swiss"]
[EventCountry "NET"]
[SourceTitle "playchess.com"]
[Source "ChessBase"]
[SourceQuality "1"]
[TimeControl "1500+10"]

1. d4 Nf6 2. c4 g6 3. Nc3 Bg7 4. e4 d6 5. Nf3 O-O 6. Be2 Nbd7 7. O-O c6 8. e5 dxe5 9. dxe5 Ng4 10. e6 fxe6 11. Ng5 Ngf6 12. Nxe6 Qb6 13. Nxf8 Nxf8 14. h3 Bf5 15. Qb3 Qc7 16. Be3 e5 17. Rad1 Be6 18. Qb4 Ne8 19. Rd2 Nd7 20. Rfd1 Bf8 21. Qa4 Nd6 22. g4 a6 23. c5 Nf7 24. Bc4 Bd5 25. Nxd5 cxd5 26. Bxd5 Nf6 27. Bb3 Kg7 28. Rd7 Nxd7 29. Rxd7 Qc6 30. Rxf7+ Kh8 1-0

[Event "African Online-ch O50-Seniors 2021"]
[Site "Online"]
[Date "2021.02.01"]
[Round "5.3"]
[White "Ohlson, Cecil"]
[Black "Molapo, Joang"]
[Result "1/2-1/2"]
[ECO "B20"]
[WhiteElo "1652"]
[BlackElo "1607"]
[Annotator "NA RC"]
[PlyCount "148"]
[EventDate "2021.02.01"]
[EventType "swiss"]
[EventCountry "NET"]
[SourceTitle "playchess.com"]
[Source "ChessBase"]
[SourceQuality "1"]
[TimeControl "1500+10"]

1. e4 c5 2. d3 d6 3. f4 Nc6 4. Be2 Nf6 5. Nf3 e6 6. O-O Be7 7. Qe1 O-O 8. Ng5 Nd4 9. Bd1 h6 10. Nh3 Qc7 11. c3 Nc6 12. Qg3 Kh8 13. Nd2 b5 14. a4 Rb8 15. axb5 Rxb5 16. Nc4 Nh7 17. Ba4 Rb7 18. Bxc6 Qxc6 19. Na5 Qa6 20. Bd2 Rb8 21. c4 Qb6 22. Bc3 e5 23. fxe5 Bxh3 24. Qxh3 dxe5 25. Bxe5 Rbd8 26. Qg3 Bf6 27. Bc7 Qxb2 28. e5 Qd4+ 29. Kh1 Bh4 30. Qf4 Qxf4 31. Rxf4 Bg5 32. Bxd8 Bxf4 33. Nc6 Kg8 34. Rxa7 Ng5 35. g3 Be3 36. Ne7+ Kh7 37. Bc7 Ne6 38. Bd6 Rd8 39. Nf5 Bd2 40. g4 Kg8 41. Ra2 Bc3 42. Rf2 f6 43. Ne7+ Kf7 44. Nc6 Rc8 45. Na7 Ra8 46. Nb5 Ba1 47. Nc7 Nxc7 48. Bxc7 Bd4 49. Rf3 Ra2 50. h4 Re2 51. exf6 gxf6 52. g5 hxg5 53. hxg5 Re1+ 54. Kh2 Kg6 55. gxf6 Bxf6 56. Rg3+ Kf5 57. Rf3+ Ke6 58. Kg2 Bd4 59. Bb6 Rg1+ 60. Kh2 Rg6 61. Kh3 Kd7 62. Ba7 Kc6 63. Kh4 Kb7 64. Rf7+ Ka6 65. Bb8 Ka5 66. Rb7 Ka4 67. Ba7 Re6 68. Rb5 Re3 69. Bxc5 Bxc5 70. Rxc5 Rxd3 71. Rc8 Rc3 72. c5 Kb5 73. Rb8+ Kxc5 74. Rc8+ Kd4 1/2-1/2

[Event "African Online-ch O50-Seniors 2021"]
[Site "Online"]
[Date "2021.02.01"]
[Round "5.4"]
[White "Kpodo, Evans Mawuko"]
[Black "Fernandes, Luis De Pina"]
[Result "1-0"]
[ECO "D87"]
[WhiteElo "1654"]
[BlackElo "1601"]
[Annotator "NA RC"]
[PlyCount "69"]
[EventDate "2021.02.01"]
[EventType "swiss"]
[EventCountry "NET"]
[SourceTitle "playchess.com"]
[Source "ChessBase"]
[SourceQuality "1"]
[TimeControl "1500+10"]

1. d4 Nf6 2. c4 g6 3. Nc3 d5 4. cxd5 Nxd5 5. e4 Nxc3 6. bxc3 Bg7 7. Bc4 c5 8. Ne2 Nc6 9. Be3 O-O 10. Rb1 Qa5 11. O-O Rd8 12. Qb3 e6 13. d5 Ne5 14. dxe6 fxe6 15. Bxe6+ Bxe6 16. Qxe6+ Kh8 17. Bh6 Qc7 18. Bxg7+ Qxg7 19. f4 Nd3 20. f5 Re8 21. f6 Rxe6 22. fxg7+ Kxg7 23. Rxb7+ Kh6 24. Nf4 Nxf4 25. Rxf4 g5 26. Rff7 Rxe4 27. Rxh7+ Kg6 28. Rhg7+ Kf5 29. Rbf7+ Kg4 30. Rxa7 Rf8 31. Rgf7 Rd8 32. Rfd7 Rf8 33. h3+ Kg3 34. Rd3+ Kf4 35. Rf3+ 1-0

[Event "African Online-ch O50-Seniors 2021"]
[Site "Online"]
[Date "2021.02.01"]
[Round "6.2"]
[White "Fernandes, Luis De Pina"]
[Black "Mukabi, John"]
[Result "0-1"]
[ECO "C42"]
[WhiteElo "1601"]
[BlackElo "1820"]
[Annotator "NA RC"]
[PlyCount "60"]
[EventDate "2021.02.01"]
[EventType "swiss"]
[EventCountry "NET"]
[SourceTitle "playchess.com"]
[Source "ChessBase"]
[SourceQuality "1"]
[TimeControl "1500+10"]

1. e4 e5 2. Nf3 Nf6 3. Nxe5 d6 4. Nf3 Nxe4 5. Qe2 Qe7 6. d3 Nf6 7. Bg5 Qxe2+ 8. Bxe2 Be7 9. O-O O-O 10. Re1 Nc6 11. Nc3 Bg4 12. h3 Bh5 13. Nd2 Bg6 14. Bf3 Rfe8 15. Bxc6 bxc6 16. Re2 Bd8 17. Rae1 Rxe2 18. Rxe2 Kf8 19. Nde4 Nxe4 20. Bxd8 Nxc3 21. Be7+ Kg8 22. bxc3 f6 23. g4 Kf7 24. g5 Re8 25. gxf6 gxf6 26. Re1 Rxe7 27. Rb1 Bf5 28. h4 Bc8 29. Rb8 Re8 30. Kf1 Bh3+ 0-1

[Event "African Online-ch O50-Seniors 2021"]
[Site "Online"]
[Date "2021.02.01"]
[Round "6.3"]
[White "Molapo, Joang"]
[Black "Kpodo, Evans Mawuko"]
[Result "1/2-1/2"]
[ECO "E13"]
[WhiteElo "1607"]
[BlackElo "1654"]
[Annotator "NA RC"]
[PlyCount "169"]
[EventDate "2021.02.01"]
[EventType "swiss"]
[EventCountry "NET"]
[SourceTitle "playchess.com"]
[Source "ChessBase"]
[SourceQuality "1"]
[TimeControl "1500+10"]

1. d4 Nf6 2. c4 e6 3. Nf3 Bb4+ 4. Nc3 c5 5. e3 cxd4 6. exd4 O-O 7. Be2 b6 8. O-O Bb7 9. Bg5 h6 10. Bh4 Be7 11. d5 d6 12. dxe6 fxe6 13. Nd4 Qc8 14. Rc1 Re8 15. Ndb5 Rd8 16. Re1 a6 17. Nd4 e5 18. Bxf6 Bxf6 19. Bg4 Nd7 20. Ne6 Re8 21. Qxd6 Qxc4 22. Nc7 Qxg4 23. N3d5 Bxd5 24. Qxd5+ Kh8 25. Nxa8 e4 26. Nc7 Ne5 27. Qxe4 Qxe4 28. Rxe4 Rc8 29. Rc2 Bd8 30. Rxe5 Bxc7 31. Ree2 Rd8 32. g3 Rd7 33. Re6 Kh7 34. f4 Bd8 35. Kf2 Bf6 36. Ke3 Bd4+ 37. Ke4 Bc5 38. a3 a5 39. b4 axb4 40. axb4 Rd4+ 41. Ke5 Rxb4 42. Kd5 Rd4+ 43. Kc6 Rd8 44. Rce2 Rc8+ 45. Kb5 Ra8 46. f5 Bd4 47. R2e4 Bg1 48. h3 Ra5+ 49. Kc6 Rxf5 50. Rg4 Rc5+ 51. Kb7 Rd5 52. Re7 Bd4 53. h4 b5 54. Kc6 Bf6 55. Kxd5 Bxe7 56. Ke6 Ba3 57. Kd5 Be7 58. Re4 Ba3 59. Re3 b4 60. Rb3 Kg6 61. Ke4 Kh5 62. Kf5 g6+ 63. Kf6 g5 64. hxg5 hxg5 65. Kf5 Kh6 66. g4 Bc1 67. Rxb4 Kg7 68. Rc4 Bd2 69. Rc6 Kf7 70. Rc7+ Ke8 71. Kg6 Kf8 72. Rc5 Be3 73. Rxg5 Bxg5 74. Kxg5 Kg7 75. Kf5 Kf7 76. Ke4 Kg6 77. Kf4 Kf6 78. g5+ Kg6 79. Kg4 Kg7 80. Kh5 Kh7 81. g6+ Kg7 82. Kg5 Kg8 83. Kh6 Kh8 84. g7+ Kg8 85. Kg6 1/2-1/2

[Event "African Online-ch O50-Seniors 2021"]
[Site "Online"]
[Date "2021.02.01"]
[Round "6.5"]
[White "Flora, Francisco Jose Estev"]
[Black "Belabbas, Haddouche"]
[Result "0-1"]
[ECO "E62"]
[WhiteElo "1808"]
[BlackElo "1776"]
[Annotator "NA RC"]
[PlyCount "74"]
[EventDate "2021.02.01"]
[EventType "swiss"]
[EventCountry "NET"]
[SourceTitle "playchess.com"]
[Source "ChessBase"]
[SourceQuality "1"]
[TimeControl "1500+10"]

1. d4 Nf6 2. c4 d6 3. Nf3 g6 4. g3 Bg7 5. Bg2 O-O 6. O-O Nc6 7. Nc3 Bg4 8. h3 Bxf3 9. Bxf3 Nd7 10. e3 e5 11. d5 Ne7 12. Bg2 f5 13. f4 e4 14. Nb5 Nc5 15. Nd4 a5 16. Rb1 Qd7 17. b3 c6 18. dxc6 bxc6 19. Bb2 Nd3 20. Ba1 Rfb8 21. Bf3 Nb4 22. Be2 Nxa2 23. Qd2 Nb4 24. Rfd1 d5 25. Nc2 Qe6 26. Bxg7 Kxg7 27. Nxb4 Rxb4 28. cxd5 cxd5 29. Rdc1 Qb6 30. Qc3+ Kf7 31. Qc5 Qxc5 32. Rxc5 a4 33. Rb5 Rb8 34. Rxb8 Rxb8 35. Bd1 axb3 36. Rxb3 Rxb3 37. Bc2 Rxe3 0-1

[Event "African Online-ch O50-Seniors 2021"]
[Site "Online"]
[Date "2021.02.01"]
[Round "7.2"]
[White "Ohlson, Cecil"]
[Black "Flora, Francisco Jose Estev"]
[Result "1-0"]
[ECO "B20"]
[WhiteElo "1652"]
[BlackElo "1808"]
[Annotator "NA RC"]
[PlyCount "47"]
[EventDate "2021.02.01"]
[EventType "swiss"]
[EventCountry "NET"]
[SourceTitle "playchess.com"]
[Source "ChessBase"]
[SourceQuality "1"]
[TimeControl "1500+10"]

1. e4 c5 2. d3 d6 3. f4 Nc6 4. Be2 Nf6 $11 5. Nf3 g6 6. O-O Bg7 7. Qe1 O-O 8. Qh4 Qc7 9. f5 Nd4 10. Bd1 Nxf3+ 11. Rxf3 Bd7 12. Bh6 Qb6 13. Nd2 Bc6 14. Nc4 Qc7 15. Rh3 b5 16. Ne3 c4 17. Bxg7 Kxg7 18. Qh6+ Kg8 19. Ng4 Qb6+ 20. Kh1 Nh5 21. Rxh5 gxh5 22. f6 exf6 23. Nxf6+ Kh8 24. Qxh7# 1-0

[Event "African Online-ch O50-Seniors 2021"]
[Site "Online"]
[Date "2021.02.01"]
[Round "7.4"]
[White "Mukabi, John"]
[Black "Molapo, Joang"]
[Result "1-0"]
[ECO "B24"]
[WhiteElo "1820"]
[BlackElo "1607"]
[Annotator "NA RC"]
[PlyCount "93"]
[EventDate "2021.02.01"]
[EventType "swiss"]
[EventCountry "NET"]
[SourceTitle "playchess.com"]
[Source "ChessBase"]
[SourceQuality "1"]
[TimeControl "1500+10"]

1. e4 c5 2. Nc3 d6 3. f4 Nf6 4. Nf3 Nc6 5. g3 e6 6. Bg2 Be7 7. d3 O-O {[%emt 0:00:08] 7...0-0 is better than 7...a6.} 8. O-O a6 9. a4 Qc7 10. Ne2 Rd8 11. h3 Rb8 12. g4 b5 13. axb5 axb5 {[%emt 0:00:12] [#]} 14. Bd2 $146 ({Predecessor:} 14. f5 Nd7 15. g5 Nde5 16. Nxe5 Nxe5 17. f6 Bf8 18. fxg7 Bxg7 19. Nf4 Ng6 20. Nh5 {1-0 (41) Kulesza,M (2253)-Beil,M (2176) Frydek Mistek 2004}) 14... b4 15. Ng3 Qb6 16. Kh1 Nd4 17. g5 Nd7 18. Nh2 b3 19. c3 Nc2 20. Rb1 Ba6 21. Rf3 ({White should try} 21. c4 $14) 21... Bb7 22. Ng4 d5 23. Qe2 dxe4 24. dxe4 Ba6 25. Qf2 c4 26. Ne3 Bc5 27. Ngf1 Nf8 28. Qe2 Ng6 29. Rc1 Nh4 30. Rg3 Rxd2 31. Qxd2 Rd8 32. Qe2 {[%emt 0:00:16] [#]} Rd3 (32... Ng6 $1 $17 33. Nxc2 bxc2) 33. Nxc2 {[%emt 0:00:18] Remove Defender} bxc2 34. Qxc2 Rxg3 35. Nxg3 Nxg2 36. Kxg2 Be3 37. Rf1 Bb7 38. Kh2 g6 $18 39. Rf3 Bg1+ 40. Kg2 Bc5 41. Qd2 Qa5 42. Rf1 Kg7 43. Kh2 Qb6 44. Rd1 Bc6 45. h4 Be3 46. Qd8 Qxb2+ 47. Kh3 1-0

[Event "African Online-ch O50-Seniors 2021"]
[Site "Online"]
[Date "2021.02.01"]
[Round "8.4"]
[White "Flora, Francisco Jose Estev"]
[Black "Kpodo, Evans Mawuko"]
[Result "1-0"]
[ECO "B33"]
[WhiteElo "1808"]
[BlackElo "1654"]
[Annotator "NA RC"]
[PlyCount "85"]
[EventDate "2021.02.01"]
[EventType "swiss"]
[EventCountry "NET"]
[SourceTitle "playchess.com"]
[Source "ChessBase"]
[SourceQuality "1"]
[TimeControl "1500+10"]

1. e4 c5 2. Nf3 Nc6 3. d4 cxd4 4. Nxd4 Nf6 5. Nc3 e5 6. Ndb5 d6 7. Nd5 Nxd5 8. exd5 Ne7 9. c4 Ng6 10. Be2 a6 11. Nc3 Be7 12. O-O O-O 13. Be3 Bd7 14. Qd2 f5 15. f3 f4 16. Bf2 Bh4 17. Bd3 Bf5 18. Ne4 Bxf2+ 19. Qxf2 Rc8 20. Rac1 Bxe4 21. Bxe4 Rf6 22. b4 b6 23. Rc2 Ne7 24. Rfc1 Nf5 25. Bxf5 Rxf5 26. a4 Rf7 27. Qd2 Rfc7 28. Qd3 Qd7 29. a5 bxa5 30. bxa5 Rc5 31. Rb2 Qc7 32. Rb6 Rxa5 33. Rc6 Qa7+ 34. Kh1 Qd7 35. Rb6 Qd8 36. Rb7 Rac5 37. h3 R5c7 38. Rcb1 Rxc4 39. Qf5 Rc1+ 40. Rxc1 Rxc1+ 41. Kh2 Rc7 42. Qe6+ Kh8 43. Rxc7 1-0

[Event "African Online-ch O50-Seniors 2021"]
[Site "Online"]
[Date "2021.02.01"]
[Round "8.5"]
[White "Belabbas, Haddouche"]
[Black "Ohlson, Cecil"]
[Result "1-0"]
[ECO "D00"]
[WhiteElo "1776"]
[BlackElo "1652"]
[Annotator "NA RC"]
[PlyCount "103"]
[EventDate "2021.02.01"]
[EventType "swiss"]
[EventCountry "NET"]
[SourceTitle "playchess.com"]
[Source "ChessBase"]
[SourceQuality "1"]
[TimeControl "1500+10"]

1. d4 d5 2. Bf4 c5 3. e3 Nc6 4. c3 Nf6 5. Nd2 Bf5 6. Qb3 Qb6 7. dxc5 Qxb3 8. axb3 e5 9. Bg3 Bxc5 10. Ngf3 Bd6 11. Bb5 Nd7 12. Nd4 Nxd4 13. exd4 f6 14. Nf3 O-O 15. Bxd7 Bxd7 16. dxe5 Rfe8 17. O-O-O Bxe5 18. Bxe5 fxe5 19. Rxd5 Bc6 20. Rxe5 Rxe5 21. Nxe5 Bxg2 22. Rg1 Be4 23. Re1 Bf5 24. Nf3 Kf7 25. Nd4 Bd7 26. Kd2 Re8 27. Rxe8 Bxe8 28. Ke3 Kf6 29. f4 g5 30. fxg5+ Kxg5 31. Kf3 Kh4 32. Kf2 Bg6 33. b4 Kh3 34. Kg1 Bd3 35. Ne6 Bf5 36. Nd4 Bd3 37. Ne6 Bf5 38. Nc5 b5 39. Nb3 h5 40. Nd4 Bd7 41. b3 Be8 42. c4 a6 43. c5 Bd7 44. c6 Bc8 45. c7 Kg4 46. Nc6 Kf4 47. Na7 Bb7 48. c8=Q Bxc8 49. Nxc8 Ke4 50. Ne7 Kd3 51. Nd5 Kc2 52. Nc7 1-0